AoeStats
← 啊超

Arena

504758312Analyzed
3v3 RM · 25d ago on Sep 6, 2026· 50m 45s· 6 players
Game mode
Random Map
Map size
Normal (6 player)
Population
200
Speed
Normal
Resources
Standard
Victory
Conquest
Starting age
Dark Age
Ending age
Imperial Age
RankedLock teamsTeams togetherTeam positionsShared explorationLock speedFull tech treeHidden civsTurbo modeCheats
Victory
Defeat
🇦🇺 Malay · Australia
1086
+15
🇨🇳 Huns · China
1019
+17
🇭🇰 Lithuanians · Hong Kong SAR China
1010
+17
🇨🇳 Burgundians · China
1065
-17
🇲🇽 Shu · Mexico
1047
-16
🇨🇳 Byzantines · China
1042
-16
PerfectNexus
10:52 Feudal Age
14:19 Double-Bit Axe
20:12 Castle Age
18:27 Stone Mining
18:45 Gold Mining
21:46 Bow Saw
23:00 Fletching
23:05 Crossbowman
25:34 Wheelbarrow
25:46 Horse Collar
29:34 Hand Cart
29:40 Bodkin Arrow
33:00 Imperial Age
31:20 Padded Archer Armor
31:51 Ballistics
32:49 Forging
32:54 Leather Archer Armor
32:41 Scale Mail Armor
33:01 Fortified Wall
33:08 Elite White Feather Guard
34:13 Conscription
33:56 Coiled Serpent Array
34:25 Arbalester
35:12 Thumb Ring
35:40 Bracer
36:11 Ring Archer Armor
35:57 Chain Mail Armor
37:11 Two-Man Saw
36:52 Gold Shaft Mining
38:00 Chemistry
39:28 Bolt Magazine
啊超
10:28 Feudal Age
14:58 Castle Age
13:07 Double-Bit Axe
13:34 Horse Collar
26:52 Gold Mining
27:19 Forging
27:15 Scale Barding Armor
30:08 Imperial Age
27:52 Husbandry
27:14 Cavalier
28:59 Iron Casting
28:22 Stone Mining
28:45 Bow Saw
28:38 Heavy Plow
28:52 Loom
30:18 Chain Barding Armor
30:49 Wheelbarrow
31:37 Gold Shaft Mining
31:41 Plate Barding Armor
31:50 Conscription
33:26 Chemistry
32:49 Ballistics
32:56 Paladin
35:12 Light Cavalry
37:06 Blast Furnace
36:20 Fortified Wall
36:18 Burgundian Vineyards
37:49 Squires
38:05 Pikeman
38:32 Arson
38:54 Scale Mail Armor
39:11 Halberdier
41:07 Chain Mail Armor
43:47 Plate Mail Armor
43:32 Hussar
Tree new bee
10:25 Feudal Age
14:25 Castle Age
13:03 Double-Bit Axe
27:33 Wheelbarrow
27:59 Bow Saw
31:16 Imperial Age
29:04 Hand Cart
28:41 Horse Collar
30:18 Heavy Plow
30:05 Loom
30:26 Husbandry
31:03 Gold Mining
31:04 Stone Mining
32:23 Scale Barding Armor
33:01 Crop Rotation
32:44 Squires
34:31 Chemistry
33:32 Murder Holes
34:05 Chain Barding Armor
33:56 Forging
36:17 Conscription
36:56 Iron Casting
36:57 Plate Barding Armor
37:11 Heavy Camel Rider
38:28 Pikeman
38:53 Gambesons
39:24 Light Cavalry
41:06 Gold Shaft Mining
41:10 Logistica
42:35 Fletching
42:53 Hussar
43:49 Elite Cataphract
46:11 Ballistics
45:32 Treadmill Crane
45:31 Man-at-Arms
46:04 Onager
47:38 Stone Shaft Mining
46:27 Elite Skirmisher
47:18 Bodkin Arrow
47:24 Long Swordsman
48:19 Caravan
48:30 Guilds
48:12 Two-Handed Swordsman
不知者
11:12 Feudal Age
15:16 Castle Age
15:42 Double-Bit Axe
16:19 Loom
17:22 Loom
19:53 Horse Collar
22:03 Heavy Plow
22:38 Bow Saw
23:33 Wheelbarrow
24:17 Gold Mining
25:13 Hand Cart
27:00 Bloodlines
28:36 Husbandry
32:03 Imperial Age
29:48 Scale Barding Armor
29:55 Forging
29:39 Treadmill Crane
30:17 Stone Mining
30:18 Town Watch
31:46 Chain Barding Armor
32:03 Iron Casting
32:11 Stone Shaft Mining
32:23 Town Patrol
32:21 Cavalier
34:35 Chemistry
34:23 Plate Barding Armor
34:42 Conscription
35:20 Crop Rotation
35:52 Two-Man Saw
35:48 Scale Mail Armor
35:17 Pikeman
35:36 Paladin
37:35 Ballistics
37:30 Masonry
37:29 Tower Shields
37:35 Squires
39:24 Architecture
39:17 Chain Mail Armor
38:50 Halberdier
40:54 Fletching
41:05 Padded Archer Armor
41:31 Elite Skirmisher
42:19 Thumb Ring
42:13 Bodkin Arrow
42:39 Leather Archer Armor
43:18 Bracer
43:41 Ballistics
45:06 Bombard Tower
45:19 Ring Archer Armor
zenghui
10:45 Feudal Age
9:01 Loom
15:20 Castle Age
13:21 Double-Bit Axe
15:36 Bloodlines
15:10 Horse Collar
17:30 Bow Saw
20:16 Husbandry
21:11 Wheelbarrow
21:36 Heavy Plow
25:40 Hand Cart
33:16 Imperial Age
30:57 Scale Barding Armor
31:20 Forging
31:17 Gold Mining
32:07 Chain Barding Armor
32:13 Murder Holes
33:24 Iron Casting
33:31 Gold Shaft Mining
32:48 Stone Mining
34:34 Plate Barding Armor
33:43 Cavalier
35:34 Two-Man Saw
35:40 Chemistry
35:56 Blast Furnace
35:52 Conscription
35:33 Town Watch
36:21 Town Patrol
35:47 Paladin
36:37 Fletching
36:20 Sappers
mayukhr18
9:40 Feudal Age
9:22 Double-Bit Axe
9:20 Horse Collar
12:12 Loom
15:44 Castle Age
16:23 Bow Saw
20:46 Wheelbarrow
20:00 Town Watch
27:18 Imperial Age
25:05 Heavy Plow
25:53 Gold Mining
26:12 Pikeman
27:02 Halberdier
29:03 Forging
30:40 Iron Casting
30:29 Hand Cart
30:49 Squires
32:17 Ballistics
32:58 Chemistry
35:24 Blast Furnace
34:15 Fletching
36:32 Conscription
36:56 Masonry
36:55 Siege Engineers
37:06 Masonry
37:21 Fletching
37:55 Heavy Scorpion
40:27 Gold Shaft Mining
39:42 Stone Mining
43:14 Bodkin Arrow
43:19 Padded Archer Armor
44:21 Bracer
46:46 Murder Holes
46:32 Treadmill Crane
47:49 Crop Rotation
47:47 Forced Levy
47:08 Man-at-Arms
49:27 Long Swordsman
50:40 Two-Handed Swordsman
Connection lost

Rejoining the realm…

Still unreachable

The connection could not be restored.

Session expired

The server has moved on; the page needs a fresh start.